 Dungeon Crawl Stone Soup version 0.29-a0-304-gb34f9e133a (webtiles) character file.

Game seed: 11205460091211019937

1181 Murumi the Shield-Bearer (level 8, -7/85 (93) HPs)
             Began as a Formicid Fighter on Mar 26, 2022.
             Was a High Priest of Ignis.
             Succumbed to a gnoll sergeant's poison
             ... on level 6 of the Dungeon.
             The game lasted 00:16:56 (6842 turns).

Murumi the Shield-Bearer (Formicid Fighter)         Turns: 6842, Time: 00:16:57

HP:   -7/85 (93)    AC: 24    Str: 18 (21) XL:     8   Next: 70%
MP:   11/11         EV:  2    Int: 14 (16) God:    Ignis [*****.]
Gold: 349           SH:  6    Dex:  7 (10) Spells: 3/11 levels left

rFire   + . .      SeeInvis .   f - +1 great mace
rCold   . . .      Faith    .   c - +1 buckler
rNeg    . . .      Spirit   .   (body armour currently unavailable)
rPois   +          Reflect  .   (helmet unavailable)
rElec   .          Harm     .   (cloak currently unavailable)
rCorr   .          Rampage  .   (gloves currently unavailable)
Will    .....                   (boots currently unavailable)
Stlth   ++........              (no amulet)
HPRegen 0.24/turn               e - +6 ring of intelligence
MPRegen 0.12/turn               (no ring)

@: lethally poisoned (-7 -> -49), tree-form, drained
A: stationary, stasis, torment immunity, boosted hp, permanent stasis, dig
shafts and tunnels, (antennae 3), four strong arms
a: Renounce Religion, Fiery Armour, Foxfire Swarm, Rising Flame


You were on level 6 of the Dungeon.
You worshipped Ignis.
Ignis was extremely pleased with you.
You were a tree.
You visited 2 branches of the dungeon, and saw 7 of its levels.

You collected 349 gold pieces.

Inventory:

Hand Weapons
 f - a +1 great mace (weapon)
 n - a +2 whip of electrocution
Missiles
 g - 2 throwing nets
Armour
 b - a +0 pair of gloves (melded)
 c - a +1 buckler (worn)
 o - a +0 plate armour (melded)
Jewellery
 e - a +6 ring of intelligence (left branch)
Potions
 d - 2 potions of might
 h - a potion of ambrosia
 j - 3 potions of brilliance
 k - a potion of degeneration
 l - a potion of curing {unknown}
 m - a potion of heal wounds {unknown}


   Skills:
 + Level 5.0 Fighting
 - Level 4.0 Maces & Flails
 - Level 5.0 Armour
 - Level 2.0 Dodging
 - Level 4.0 Stealth
 - Level 7.0 Shields
 - Level 2.0 Spellcasting
 - Level 2.0 Transmutations
 - Level 3.0 Earth Magic


You had 3 spell levels left.
You knew the following spells:

 Your Spells              Type           Power      Damage    Failure   Level
a - Wereblood             Tmut           7%         N/A       19%         2
b - Statue Form           Tmut/Erth      5%         N/A       100%        6

Your spell library contained the following spells:

 Spells                   Type           Power      Damage    Failure   Level
 Scorch                   Fire           2%         2d5       38%         2
 Sublimation of Blood     Necr           1%         N/A       38%         2
 Petrify                  Tmut/Erth      8%         N/A       69%         4
 Flame Wave               Conj/Fire      1%         2d4       95%         4
 Passage of Golubria      Tloc           1%         N/A       95%         4
 Metabolic Englaciation   Hex/Ice        0%         N/A       100%        5
 Silence                  Hex/Air        0%         N/A       100%        5
 Summon Cactus Giant      Summ           0%         N/A       100%        6
 Summon Hydra             Summ           0%         N/A       100%        7
 Lehudib's Crystal Spear  Conj/Erth      2%         10d2      100%        8


Dungeon Overview and Level Annotations

Branches:
Dungeon (6/15)             Temple (1/1) D:4

Altars:
Ashenzari
Cheibriados
Dithmenos
Elyvilon
Fedhas
Gozag
Hepliaklqana
Kikubaaqudgha
Makhleb
Nemelex Xobeh
Okawaru
Ru
Sif Muna
Trog
Uskayaw
Vehumet
Wu Jian
Xom
Yredelemnul
Zin
The Shining One
Ignis

Shops:
D:4 (


Innate Abilities, Weirdness & Mutations

You are a tree.
Your roots penetrate the ground, keeping you stationary.
You cannot be teleported.
You are immune to unholy pain and torment.
Your maximum health is greatly increased.
Your equipment is partially melded.
You cannot be hasted, slowed, berserked, paralysed or teleported.
You can dig through walls and to a lower floor.
((You have a pair of large antennae on your head. (SInv)))
Your four strong arms can wield two-handed weapons with a shield.


Message History

You retract your mandibles.
You barely miss the gnoll sergeant.
The gnoll sergeant barely misses you. x2
You sock the gnoll sergeant!
The gnoll sergeant is heavily wounded.
The gnoll sergeant hits you but does no damage.
You are poisoned.
You hit the gnoll sergeant.
The gnoll sergeant is heavily wounded.
You feel sick.
The gnoll sergeant hits you with a +0 spear of venom.
You are more poisoned.
The gnoll sergeant hits you but does no damage.
You are more poisoned.
You sock the gnoll sergeant!
The gnoll sergeant is severely wounded.
You feel extremely sick.
The gnoll sergeant hits you but does no damage.
You are lethally poisoned!
You hit the gnoll sergeant.
The gnoll sergeant is almost dead.
* * * LOW HITPOINT WARNING * * *
You feel extremely sick.
The gnoll sergeant hits you with a +0 spear of venom.
* * * LOW HITPOINT WARNING * * *
You are more poisoned.
The gnoll sergeant hits you but does no damage.
You are more poisoned.
Really quaff the potion of lignification?
You turn into a tree.
Your +0 pair of gloves melds into your body.
Your +0 plate armour melds into your body.
Your roots penetrate the ground.
* * * LOW HITPOINT WARNING * * *
You feel extremely sick.
The gnoll sergeant hits you but does no damage.
You are more poisoned.
It was a potion of degeneration.
There was something very wrong with that liquid.
You feel weakened.
You feel dopey.
You feel clumsy.
You die...

. ... #. #. ... .. { #.. .#
... ##( #..# #.# . ##.. #..#
#.# #..# ##..### #.# ###
#..# ##..##♣#####.########..
#..###..####g##.............
#.........{{###.#.##.###.#.#
#####)###..#..........##.#
#.#.#
#.....####.#.#######.....#
#.#.. #.#....)g..g.# #.###.#
#.#.. ........###...# #.#
#.# #.##. ####....# #.#.#
#.. ..# #.... #.#.## #...#
#.##### ####.


You could see a gnoll sergeant.

Vanquished Creatures
  Grinder (D:3)
  An ice beast (D:4)
  A sky beast (D:6)
  The ghost of Miritol the Sneak, an amateur KoBe of Trog (D:3)
  3 phantoms (D:5)
  A gnoll sergeant (D:5)
  2 jellies (D:5)
  2 iguanas (D:5)
  Jessica (D:3)
  Natasha (thrice) (D:2)
  9 gnolls
  8 adders
  2 white imps
  An ufetubus (D:4)
  A worm (D:4)
  2 dart slugs
  An orc (D:5)
  8 ball pythons
  6 endoplasms
  3 giant cockroaches
  3 goblins
  4 hobgoblins
  4 jackals (D:5)
  2 quokkas
  4 bats
  2 frilled lizards
  5 kobolds
  4 rats
85 creatures vanquished.

Vanquished Creatures (collateral kills)
  A dart slug (D:1)
1 creature vanquished.

Grand Total: 86 creatures vanquished

Notes
Turn   | Place    | Note
-------+----------+-------------------------------------------
     0 | D:1      | Murumi the Formicid Fighter began the quest for the Orb.
     0 | D:1      | Reached XP level 1. HP: 18/18 MP: 1/1
    82 | D:1      | Reached skill level 4 in Shields
   106 | D:1      | Found a faded altar of an unknown god.
   114 | D:1      | Prayed at the altar of an unknown god.
   114 | D:1      | Became a worshipper of Ignis, the Dying Flame
   120 | D:1      | Reached XP level 2. HP: 24/24 MP: 2/2
   552 | D:1      | Reached XP level 3. HP: 30/30 MP: 3/3
   906 | D:2      | Found a bloodstained altar of Trog.
  1160 | D:2      | Noticed Natasha
  1174 | D:2      | Killed Natasha
  1175 | D:2      | Reached skill level 1 in Stealth
  1175 | D:2      | Reached skill level 1 in Dodging
  1175 | D:2      | Reached XP level 4. HP: 15/37 MP: 4/4
  1525 | D:2      | Noticed Natasha
  1532 | D:2      | Killed Natasha
  1938 | D:2      | Noticed Natasha
  1946 | D:2      | Killed Natasha
  1947 | D:2      | Reached XP level 5. HP: 27/42 MP: 5/5
  2274 | D:3      | Found a runed translucent gate.
  2274 | D:3      | Found a runed translucent gate.
  2275 | D:3      | Found a runed translucent gate.
  2277 | D:3      | Noticed Miritol's ghost (amateur KoBe)
  2647 | D:3      | Noticed Grinder
  2655 | D:3      | Killed Grinder
  2656 | D:3      | Reached skill level 5 in Shields
  2656 | D:3      | Reached XP level 6. HP: 49/49 MP: 6/6
  2702 | D:3      | Noticed Jessica
  2712 | D:3      | Killed Jessica
  3587 | D:3      | Killed Miritol's ghost
  3588 | D:3      | Reached skill level 5 in Fighting
  3588 | D:3      | Reached XP level 7. HP: 42/56 MP: 7/7
  3800 | D:4      | Found Borphok's Weapon Shop.
  3811 | D:4      | Reached skill level 5 in Armour
  4053 | D:4      | Identified the +11 mace "Supsi" {protect, +Blink}
  4135 | D:4      | Learned a level 6 spell: Statue Form
  4362 | D:4      | Found a staircase to the Ecumenical Temple.
  4380 | Temple   | Entered the Ecumenical Temple
  5243 | D:5      | Entered Level 5 of the Dungeon
  5620 | D:5      | Reached skill level 6 in Shields
  5620 | D:5      | Reached skill level 1 in Earth Magic
  5623 | D:5      | Reached skill level 1 in Transmutations
  5719 | D:5      | Reached skill level 1 in Spellcasting
  5803 | D:5      | Reached XP level 8. HP: 44/62 MP: 9/9
  6071 | D:5      | Learned a level 2 spell: Wereblood
  6825 | D:6      | Reached skill level 7 in Shields
  6841 | D:6      | HP: 2/85 [poisoned by a gnoll sergeant]
  6842 | D:6      | Succumbed to a gnoll sergeant's poison

Illustrated notes

Levels and vault maps discovered:
D:1:      psy_arrival_spokes, layout_basic, ebering_ecumenical_altar_rust
D:2:      layout_loops_ring, basic_altar, chequers_serial_rivers_micro_c,
          uniq_natasha
D:3:      layout_loops_corners, serial_co_window_serial, co_window_corner_a,
          co_window_of_opportunity_a, co_window_of_opportunity_a,
          co_window_paths_a, co_window_of_opportunity_a, co_window_corner_a,
          co_window_corner_ca, co_window_corner_cb, co_window_unsneaky_path_d,
          co_window_broadway_c, co_window_4corner_a, glass_columns_a,
          glass_columns_a, ebering_ghost_rock_garden, uniq_grinder, uniq_jessica
D:4:      layout_basic, minmay_temple_entry_offerings, serial_shops,
          nicolae_shop_hallway_stairs
D:5:      layout_basic
D:6:      layout_loops_cross, minmay_misc_feat_roman, minmay_stone_trees_medium,
          minmay_manual_mandibuliform
Temple:   mainiacjoe_temple_starburst

Skill      XL: |  1  2  3  4  5  6  7  8 |
---------------+-------------------------+-----
Shields        | 4 5 6 7 |  7.0
Fighting       | 4 5 |  5.0
Armour         | 4 5 |  5.0
Stealth        | 1 2 3 4 |  4.0
Dodging        | 1 2 |  2.0
Maces & Flails | 3 4 |  4.0
Earth Magic    | 2 3 |  3.0
Transmutations | 1 2 |  2.0
Spellcasting   | 1 2 |  2.0

Action                   |  1- 3 |  4- 6 |  7- 9 || total
-------------------------+-------+-------+-------++-------
Melee: Flail             |    60 |       |       ||    60
       Great mace        |    11 |    77 |   186 ||   274
 Abil: Dig               |       |       |     1 ||     1
  Use: Scroll            |     5 |     2 |     4 ||    11
       Potion            |       |       |     2 ||     2
Armor: Scale mail        |    32 |       |       ||    32
       Chain mail        |       |    34 |    87 ||   121
       Plate armour      |       |       |    25 ||    25
       Skin              |       |       |     1 ||     1
Dodge: Dodged            |    28 |    26 |    72 ||   126
Block: Buckler           |    17 |    25 |    61 ||   103

Table legend: (Time is in decaauts)
 A = Elapsed time spent in this place.
 B = Non-inter-level travel time spent in this place.
 C = Inter-level travel time spent in this place.
 D = Time resting spent in this place.
 E = Time spent auto-exploring this place.
 F = Levels seen in this place.
 G = Mean time per level.
                   A        B        C        D        E       F      G
               +--------+--------+--------+--------+--------+-----+--------+
         Total |   7016 |   6436 |    580 |    223 |   5179 |   7 | 1002.3 |
       Dungeon |   6445 |   5912 |    533 |    223 |   4662 |   6 | 1074.2 |
        Temple |    571 |    524 |     47 |      0 |    517 |   1 |  571.0 |
               +--------+--------+--------+--------+--------+-----+--------+

Top non-repeatable levels by time:
     D:3: 1635 daAuts
     D:2: 1312 daAuts
     D:4: 1192 daAuts
     D:5: 1156 daAuts
     D:1: 902 daAuts
  Temple: 571 daAuts
     D:6: 246 daAuts
